 Dungeon Crawl Stone Soup version 0.30-a0-965-g42e074c17a (webtiles) character file.

Game seed: 8632095897354099268

3887 bande the Cleaver (level 10, 0/61 HPs)
             Began as a Gargoyle Fighter on Mar 30, 2023.
             Was a Believer of Okawaru.
             Slain by a sixfirhy (2 damage)
             ... on level 8 of the Dungeon on Mar 31, 2023.
             The game lasted 00:16:31 (8829 turns).

bande the Cleaver (Gargoyle Fighter)                Turns: 8829, Time: 00:16:31

Health: 0/61       AC: 24    Str: 20      XL:     10   Next: 19%
Magic:  0/12       EV:  6    Int:  9      God:    Okawaru [**....]
Gold:   981        SH:  5    Dex: 11 (13) Spells: 9/9 levels left

rFire   + . .      SeeInvis +    d - +7 hand axe
rCold   . . .      Faith    .    c - +0 buckler
rNeg    + . .      Spirit   +    w - +0 plate armour
rPois   ∞          Reflect  .    n - +0 helmet
rElec   +          Rampage  .    j - +1 cloak
rCorr   .                        (no gloves)
Will    .....                    (no boots) Stlth
                                 v - amulet of guardian spirit
HPRegen 0.30/turn                b - ring of protection from fire
MPRegen 0.13/turn                h - ring of see invisible

@: no status effects
A: sickness immunity, AC +7, negative energy resistance 1, electricity
resistance, torment resistance 1, petrification resistance
a: Renounce Religion, Heroism


You were on level 8 of the Dungeon.
You worshipped Okawaru.
Okawaru was pleased with you.
You visited 2 branches of the dungeon, and saw 10 of its levels.

You collected 981 gold pieces.

Inventory:

Hand Weapons
 a - a +1 war axe
 d - a +7 hand axe (weapon)
 k - a +0 flail of holy wrath
Armour
 c - a +0 buckler (worn)
 j - a +1 cloak (worn)
 n - a +0 helmet (worn)
 w - a +0 plate armour (worn)
Jewellery
 b - a ring of protection from fire (left hand)
 h - a ring of see invisible (right hand)
 v - an amulet of guardian spirit (around neck)
Wands
 q - a wand of flame (32)
 s - a wand of digging (4)
 t - a wand of paralysis (6)
 x - a wand of light (4)
Scrolls
 g - 4 scrolls of poison
 m - a scroll of fear
 o - a scroll of enchant weapon
 p - 7 scrolls of teleportation
 u - a scroll of fog
Potions
 f - 3 potions of brilliance
 i - 2 potions of haste
 l - a potion of mutation
 z - a potion of resistance
 A - a potion of flight


   Skills:
 + Level 6.8 Fighting
 + Level 8.1 Axes
 + Level 7.8 Armour
 - Level 0.1 Dodging
 + Level 5.9 Shields
 * Level 3.4 Invocations
 * Level 4.9 Evocations


You had 9 spell levels left.
You didn't know any spells.
Your spell library contained the following spells:

 Spells                   Type           Power      Damage    Failure   Level
 Shock                    Conj/Air       0%         1d3       100%        1
 Wereblood                Tmut           0%         N/A       100%        2
 Swiftness                Air            0%         N/A       100%        3
 Airstrike                Air            0%         2d(0-16)  100%        4
 Plasma Beam              Fire/Air       0%         2x1d7     100%        5
 Sublimation of Blood     Necr           Unusable   N/A       N/A         2
 Summon Lightning Spire   Summ/Air       Unusable   N/A       N/A         4
 Summon Hydra             Summ           Unusable   N/A       N/A         7

Dungeon Overview and Level Annotations

Branches:
Dungeon (9/15)             Temple (1/1) D:7
   Lair: D:8-11         Orc: D:9-12

Altars:
Ashenzari
Cheibriados
Dithmenos
Elyvilon
Fedhas
Gozag
Hepliaklqana
Kikubaaqudgha
Makhleb
Nemelex Xobeh
Okawaru
Qazlal
Ru
Sif Muna
Trog
Uskayaw
Vehumet
Wu Jian
Xom
Yredelemnul
Zin
The Shining One

Shops:
D:2 [   D:3 (   D:7 *


Innate Abilities, Weirdness & Mutations

You are immune to sickness and miasma.
Your stone body is resilient. (AC +7)
You are immune to poison.
You resist negative energy. (rN+)
You are resistant to electric shocks. (rElec)
You are resistant to unholy torment.
You are immune to petrification.


Message History

The sixfirhy hits you but does no damage. x2
You hit the sixfirhy.
The sixfirhy is almost dead.
The sixfirhy barely misses you. x2
You miss the sixfirhy.
The sixfirhy is almost dead.
You miss the sixfirhy.
The sixfirhy is almost dead.
You completely miss the sixfirhy.
The sixfirhy is almost dead.
The sixfirhy hits you. The sixfirhy shocks you. You resist.
The sixfirhy hits you but does no damage.
The sixfirhy hits you! The sixfirhy shocks you. You resist.
* * * LOW HITPOINT WARNING * * *
You miss the sixfirhy.
The sixfirhy is almost dead.
The sixfirhy hits you but does no damage.
The sixfirhy hits you.
* * * LOW HITPOINT WARNING * * *
The sixfirhy shocks you. You resist.
* * * LOW HITPOINT WARNING * * *
The sixfirhy hits you but does no damage. x2
You barely miss the sixfirhy.
The sixfirhy is almost dead.
The sixfirhy barely misses you.
You completely miss the sixfirhy.
The sixfirhy is severely wounded.
You barely miss the sixfirhy.
The sixfirhy is severely wounded.
The sixfirhy hits you but does no damage.
You closely miss the sixfirhy.
The sixfirhy is severely wounded.
The sixfirhy hits you.
* * * LOW HITPOINT WARNING * * *
The sixfirhy shocks you. You resist.
* * * LOW HITPOINT WARNING * * *
The sixfirhy hits you.
* * * LOW HITPOINT WARNING * * *
The sixfirhy shocks you. You resist.
You die...

..#...##.# #.# #.).......#####
..#...##.# #.# #.........#
..#....#.#### #.# ###..#'####
..#.#.......###.# #..#.#
###.#.##.##...#.#####..#.#
###.#.##.####...#..)...#.#
#...#.##.# ###.#.####.#.#
#.###.##.######>3.####.#.########
#.#<..##........@......#...>.....
#.###############################
#.............................#
#############################.#
#..................# #.#
#.################.# #.#
#.#..<....# #.# #.# #.#.#.###.#
#.# #.# #.#.#.###.# #.# #.#


You could see a sixfirhy.

Vanquished Creatures
  The ghost of Zonian the Ruffian, a novice VSGl of Ashenzari (D:4)
  2 orange demons (D:9)
  Sigmund (D:2)
  A steam dragon (D:8)
  A chaos spawn (D:9)
  Menkaure (D:7)
  2 orc warriors
  An ice beast (D:7)
  2 sky beasts
  3 black bears
  An ogre (D:7)
  A phantom (D:6)
  2 kobold brigands
  2 bullfrogs
  2 scorpions
  3 wights (D:8)
  7 orc priests
  3 quasits
  3 hounds
  A sleepcap (D:8)
  3 iguanas
  5 orc wizards
  11 gnolls
  8 adders
  2 shadow imps
  3 white imps
  4 ufetubi
  2 worms
  33 orcs
  5 ball pythons
  2 endoplasms (D:2)
  4 giant cockroaches
  12 goblins
  10 hobgoblins
  7 jackals
  16 kobolds
  4 quokkas
  3 bats
  A frilled lizard (D:3)
  3 rats
178 creatures vanquished.

Vanquished Creatures (others)
  2 orc wizards
  6 demonic plants (D:9)
  2 plants (D:1)
10 creatures vanquished.

Grand Total: 188 creatures vanquished

Notes
Turn   | Place    | Note
-------+----------+-------------------------------------------
     0 | D:1      | bande the Gargoyle Fighter began the quest for the Orb.
     0 | D:1      | Reached XP level 1. HP: 14/14 MP: 1/1
   341 | D:1      | Reached XP level 2. HP: 18/19 MP: 2/2
   730 | D:2      | Noticed Sigmund
   742 | D:2      | Killed Sigmund
   743 | D:2      | Reached skill level 2 in Axes
   743 | D:2      | Reached XP level 3. HP: 4/24 MP: 3/3
   743 | D:2      | Reached XP level 4. HP: 5/30 MP: 4/4
   743 | D:2      | Reached XP level 5. HP: 6/34 MP: 5/5
  1213 | D:2      | Found Rach's Antique Armour Shop.
  1631 | D:3      | Found Duibau Rigocs's Antique Weapon Shop.
  1647 | D:3      | Reached skill level 3 in Axes
  1716 | D:3      | Reached XP level 6. HP: 39/39 MP: 6/6
  1987 | D:3      | Found a faded altar of an unknown god.
  2386 | D:3      | Found a white marble altar of Elyvilon.
  2393 | D:3      | Found a hazy altar of Hepliaklqana.
  2826 | D:4      | Reached skill level 5 in Armour
  2826 | D:4      | Reached XP level 7. HP: 38/44 MP: 7/7
  2910 | D:4      | Identified a scroll of acquirement
  2910 | D:4      | Acquired 403 gold pieces
  3094 | D:4      | Reached skill level 1 in Evocations
  3315 | D:5      | Entered Level 5 of the Dungeon
  3319 | D:5      | Reached skill level 4 in Axes
  3684 | D:5      | Reached skill level 5 in Fighting
  3729 | D:5      | Found a runed translucent gate.
  3730 | D:5      | Found a runed translucent gate.
  3730 | D:5      | Found a runed translucent gate.
  3730 | D:5      | Identified the +0 chain mail of Action {Harm Will+}
  3731 | D:5      | Noticed Zonian's ghost (novice VSGl)
  3856 | D:4      | Killed Zonian's ghost
  3857 | D:4      | Reached skill level 5 in Axes
  3857 | D:4      | Reached XP level 8. HP: 12/49 MP: 3/8
  4929 | D:6      | Reached skill level 5 in Shields
  5573 | D:7      | Reached skill level 6 in Axes
  5619 | D:7      | Found a radiant altar of Vehumet.
  5704 | D:7      | Reached XP level 9. HP: 18/55 MP: 3/9
  5915 | D:7      | Noticed Menkaure
  5924 | D:7      | Killed Menkaure
  6209 | D:7      | Found a staircase to the Ecumenical Temple.
  6222 | Temple   | Entered the Ecumenical Temple
  6242 | Temple   | Became a worshipper of Warmaster Okawaru
  6653 | D:7      | Found Sereatt's Superlative Supplies.
  6875 | D:8      | Reached skill level 7 in Axes
  6875 | D:8      | Reached skill level 1 in Invocations
  6917 | D:8      | Found a shadowy altar of Dithmenos.
  7658 | D:8      | Found a burning altar of Makhleb.
  7752 | D:8      | Reached * piety under Okawaru
  8104 | D:9      | Noticed an orange demon
  8454 | D:9      | Killed an orange demon
  8455 | D:9      | Reached XP level 10. HP: 47/61 MP: 8/12
  8607 | D:9      | Noticed an orange demon
  8619 | D:9      | Reached skill level 8 in Axes
  8627 | D:9      | Killed an orange demon
  8737 | D:9      | Noticed a kobold demonologist
  8738 | D:9      | Noticed a kobold demonologist
  8743 | D:9      | Noticed a rust devil
  8743 | D:9      | Noticed a sixfirhy
  8747 | D:9      | Reached ** piety under Okawaru
  8748 | D:9      | Noticed a soul eater
  8754 | D:9      | Noticed a smoke demon
  8829 | D:8      | HP: 2/61 [sixfirhy (4)]
  8829 | D:8      | Slain by a sixfirhy

Illustrated notes

Levels and vault maps discovered:
D:1:      dpeg_arrival_round_b, layout_basic, serial_bayou_lake_a
D:2:      cheibrodos_greedy_goblins, layout_basic, serial_shops, shop,
          uniq_sigmund
D:3:      layout_rooms, amethyst_overflow_temple_binary, serial_shops,
          nicolae_shop_waterfront, shapermc_ecumenical_altar_acropolis
D:4:      layout_loops_cross, hangedman_abyss_or_decor_stabs,
          minmay_misc_feat_iff
D:5:      layout_basic, biasface_ghost_orc_armoury
D:6:      layout_basic
D:7:      lemuel_ice_spiral_2, layout_rooms, nicolae_vehumet_altar_sigil,
          minmay_temple_entry_junction_2, grunt_decor_resistance,
          nicolae_alphabet_shops, st_stairs_1, amcnicky_mini_corridor_feature,
          grunt_decor_fettered, uniq_menkaure
D:8:      layout_basic, makhleb_blood_cavern_becter,
          nicolae_dithmenos_the_darkroom
D:9:      nicolae_whirlpool, layout_long_grid, serial_demonic, serial_demonic_e,
          serial_demonic_g, serial_demonic_d, serial_demonic_g,
          serial_demonic_f, serial_demonic_d, serial_demonic_f, serial_demonic_a
Temple:   nicolae_temple_bog_church

Skill      XL: |  1  2  3  4  5  6  7  8  9 10 |
---------------+-------------------------------+-----
Fighting       | 4 5 6 |  6.8
Axes           | 2 3 5 6 7 8 |  8.1
Armour         | 4 5 6 7 |  7.8
Shields        | 4 5 |  5.9
Evocations     | 2 3 4 |  4.9
Invocations    | 3 |  3.4
Dodging        | |  0.1

Action                     |  1- 3 |  4- 6 |  7- 9 | 10-12 || total
---------------------------+-------+-------+-------+-------++-------
  Melee: War axe           |    36 |   182 |    81 |       ||   299
         Hand axe          |       |       |   257 |    64 ||   321
    Use: Potion            |     1 |       |     1 |     3 ||     5
         Scroll            |       |     7 |     9 |       ||    16
 Armour: Scale mail        |    26 |   112 |       |       ||   138
         Chain mail        |       |       |   174 |       ||   174
         Plate armour      |       |       |    80 |   104 ||   184
  Dodge: Dodged            |    14 |   106 |   117 |    39 ||   276
  Block: Buckler           |     6 |    54 |    89 |    31 ||   180

Table legend: (Time is in decaauts)
 A = Elapsed time spent in this place.
 B = Non-inter-level travel time spent in this place.
 C = Inter-level travel time spent in this place.
 D = Time resting spent in this place.
 E = Time spent auto-exploring this place.
 F = Levels seen in this place.
 G = Mean time per level.
                   A        B        C        D        E       F      G
               +--------+--------+--------+--------+--------+-----+--------+
         Total |   8991 |   8469 |    522 |   1769 |   5085 |  10 |  899.1 |
       Dungeon |   8805 |   8295 |    510 |   1769 |   4940 |   9 |  978.3 |
        Temple |    186 |    174 |     12 |      0 |    144 |   1 |  186.0 |
               +--------+--------+--------+--------+--------+-----+--------+

Top non-repeatable levels by time:
     D:8: 1597 daAuts
     D:5: 1210 daAuts
     D:7: 1132 daAuts
     D:4: 1111 daAuts
     D:1: 989 daAuts
     D:3: 951 daAuts
     D:6: 731 daAuts
     D:2: 718 daAuts
     D:9: 363 daAuts
  Temple: 186 daAuts
